 Dungeon Crawl Stone Soup version 0.20.1-1-g8b1a95d (webtiles) character file.

10283 troglodite the Protected (level 11, -13/129 HPs)
             Began as a Demonspawn Berserker on Dec 1, 2017.
             Was a High Priest of Trog.
             Engulfed by an ice statue's freezing vapour (14 damage)
             ... in an ice cave.
             The game lasted 00:41:49 (13269 turns).

troglodite the Protected (Demonspawn Berserker)    Turns: 13269, Time: 00:41:49

Health: -13/129    AC: 15    Str: 22    XL:     11   Next: 34%
Magic:  11/11      EV: 13    Int:  8    God:    Trog [*****.]
Gold:   589        SH:  0    Dex: 27    Spells: 10/10 levels left

rFire    . . .     SeeInvis .   n - +2 dagger (elec)
rCold    . . .     Gourm    .   (no shield)
rNeg     . . .     Faith    .   G - +2 chain mail {MR+}
rPois    +         Spirit   .   F - +0 helmet
rElec    +         Reflect  .   (no cloak)
rCorr    .         Harm     .   (no gloves)
MR       +....     Clarity  +   (no boots)
Stlth    ..........             (no amulet)
Regen    0.4/turn               k - ring of Morality {*Contam rElec Dex+7 Slay+4 Stlth-}
MPRegen  0.2/turn               z - +3 ring of dexterity

@: berserking (expiring), very quick
A: claws 2, hooves 1, blink, clarity, nightstalker 1, poison resistance, rot
immunity
a: Blink, Berserk, Trog's Hand, Brothers in Arms, Burn Spellbooks, Renounce
Religion


You were in an ice cave.
You worshipped Trog.
Trog was extremely pleased with you.
You were not hungry.

You visited 1 branch of the dungeon, and saw 11 of its levels.
You also visited: Sewer and Ice Cave.

You collected 589 gold pieces.

Inventory:

Hand Weapons
 a - a +0 falchion
 n - a +2 dagger of electrocution (weapon)
Armour
 F - a +0 helmet (worn)
 G - a +2 chain mail of magic resistance (worn)
Jewellery
 k - the ring of Morality (left claw) {*Contam rElec Dex+7 Slay+4 Stlth-}
   (You found it on level 5 of the Dungeon)

   [ring of loudness]

   It affects your dexterity (+7).
   It affects your accuracy and damage with ranged weapons and melee attacks
   (+4).
   It insulates you from electricity.
   It causes magical contamination when unequipped.
   It makes you less stealthy.
 y - an uncursed ring of magical power
 z - a +3 ring of dexterity (right claw)
Wands
 A - a wand of acid (8/15)
Scrolls
 d - 10 scrolls of teleportation
 e - a scroll of magic mapping
 j - 2 scrolls of recharging {unknown}
 m - a scroll of enchant armour {unknown}
 s - 4 scrolls of immolation {unknown}
 v - 2 scrolls of fear
 x - 3 scrolls of random uselessness {unknown}
 C - a scroll of fog
 D - a scroll of remove curse
 H - 3 scrolls of acquirement {unknown}
Potions
 b - a potion of brilliance
 f - 3 potions of cancellation
 g - 3 potions of curing
 h - 2 potions of lignification
 i - 5 potions of heal wounds
 l - 3 potions of mutation
 p - a potion of invisibility
 r - a potion of haste
 t - 2 potions of flight
 u - a potion of agility
 w - a potion of berserk rage {unknown}
 B - a potion of resistance {unknown}
 E - a potion of might
Comestibles
 c - 7 bread rations
 o - a meat ration
 q - 11 royal jellies
 I - 3 fruits


   Skills:
 * Level 7.8 Fighting
 + Level 7.2(7.6) Short Blades
 + Level 3.1(5.5) Long Blades
 * Level 10.3 Armour
 * Level 6.1 Dodging
 * Level 6.3 Stealth


You had 10 spell levels left.
You didn't know any spells.

Dungeon Overview and Level Annotations

Branches:
Dungeon (11/15)            Temple (0/1) D:6            Lair (0/6) D:9
    Orc: D:9-12

Altars:
Ashenzari
Gozag
Hepliaklqana
Ru
Xom
Zin

Annotations:
IceCv exclusion: 3 ice statues


Innate Abilities, Weirdness & Mutations

You have very sharp fingernails.
You have large cloven feet.
You are slightly more attuned to the shadows.
You are immune to rotting.
You can translocate small distances at will.
You possess an exceptional clarity of mind.
Your system is resistant to poisons. (rPois)


Message History

The ice statue is heavily damaged.
You are engulfed in freezing vapours.
* * * LOW HITPOINT WARNING * * *
You puncture the ice statue!
You kick the ice statue, but do no damage.
The ice statue is severely damaged.
You are engulfed in freezing vapours.
The ice statue gestures at you. The bolt of cold misses you.
The ice beast hits you but does no damage.
You puncture the ice statue! You kick the ice statue!
The ice statue is almost destroyed.
You are engulfed in freezing vapours.
* * * LOW HITPOINT WARNING * * *
The ice beast hits you but does no damage.
You hit the ice statue but do no damage.
You kick the ice statue.
The ice statue is almost destroyed.
You are engulfed in freezing vapours.
You die...

##### #############
....## ##...))#8§...##
.....###.....}#.@....#
......#.....§.#YY§....#
......#......§#.......#
∩..∩.........§........8
......#.....§.#.......#
......#.......#.......#
.....###......#......##
....## ##..(.(#8....##
##### #############


You could see 2 ice statues and 2 ice beasts.

Vanquished Creatures
  2 two-headed ogres
  The ghost of Anon1729 the Digger, a novice OpEE of Sif Muna (D:8)
  A centaur zombie (D:10)
  An ugly thing (IceCv)
  A centaur skeleton (D:10)
  A polar bear (D:11)
  A troll (D:9)
  2 hippogriffs
  4 yaks (D:10)
  3 wyverns (D:8)
  2 hungry ghosts (D:10)
  2 soldier ants (D:9)
  2 hell hounds (D:9)
  9 ice beasts
  10 ogres
  A phantom (D:5)
  2 orc warriors (D:9)
  5 centaurs
  4 bullfrogs
  A gnoll sergeant (D:9)
  5 scorpions
  3 killer bees (D:9)
  7 wights
  3 howler monkeys
  4 crimson imps
  A quasit (D:10)
  A bullfrog zombie (D:9)
  3 orc priests
  3 jellies
  A hound (D:7)
  2 iguanas
  5 orc wizards
  6 bullfrog skeletons
  11 worker ants
  A hound zombie (D:5)
  2 hound skeletons (D:10)
  3 worker ant zombies
  7 gnolls
  15 adders
  2 shadow imps (D:5)
  A white imp (D:11)
  A worker ant simulacrum (D:10)
  4 oozes
  An adder skeleton (D:5)
  An adder zombie (D:9)
  9 worms
  4 dart slugs
  12 leopard geckos
  29 orcs
  19 bats
  9 giant cockroaches
  9 goblins
  11 hobgoblins
  11 jackals
  14 kobolds
  5 quokkas
  3 ball pythons
  6 frilled lizards
  14 rats
  5 fungi (D:5)
308 creatures vanquished.

Notes
Turn   | Place    | Note
-------+----------+-------------------------------------------
     0 | D:1      | troglodite the Demonspawn Berserker began the quest for the Orb.
     0 | D:1      | Reached XP level 1. HP: 18/18 MP: 1/1
   318 | D:1      | Gained mutation: You are slightly more attuned to the shadows. [demonic ancestry]
   318 | D:1      | Reached XP level 2. HP: 18/24 MP: 2/2
  1255 | D:2      | Gained mutation: You are immune to rotting. [demonic ancestry]
  1255 | D:2      | Reached XP level 3. HP: 20/29 MP: 3/3
  1407 | D:2      | Reached skill level 2 in Armour
  1625 | D:2      | Reached skill level 1 in Stealth
  1745 | D:2      | Reached ** piety under Trog
  2300 | D:2      | Reached XP level 4. HP: 34/37 MP: 4/4
  2328 | D:2      | Found a glowing silver altar of Zin.
  3323 | D:3      | Found a shimmering altar of Xom.
  3436 | D:3      | Reached skill level 1 in Short Blades
  3634 | D:3      | Reached *** piety under Trog
  4254 | D:3      | Gained mutation: You have large cloven feet. [demonic ancestry]
  4254 | D:3      | Reached XP level 5. HP: 42/42 MP: 5/5
  4328 | D:4      | Noticed an ogre
  4338 | D:4      | Killed an ogre
  4338 | D:4      | Reached XP level 6. HP: 48/48 MP: 6/6
  4539 | D:4      | Noticed an ice beast
  4550 | D:4      | Killed an ice beast
  4861 | D:4      | Reached skill level 3 in Armour
  4861 | D:4      | Reached XP level 7. HP: 48/55 MP: 7/7
  5286 | D:4      | Reached skill level 5 in Fighting
  5545 | D:5      | Entered Level 5 of the Dungeon
  5915 | D:5      | Reached skill level 4 in Armour
  5915 | D:5      | Reached XP level 8. HP: 54/62 MP: 8/8
  5961 | D:5      | Got a pitted ivory ring
  5962 | D:5      | Identified the ring of Morality {*Contam rElec Dex+7 Slay+4 Stlth-} (You found it on level 5 of the Dungeon)
  6278 | D:5      | Reached **** piety under Trog
  6607 | D:5      | Found a sacrificial altar of Ru.
  6857 | D:6      | Reached skill level 5 in Armour
  6973 | D:6      | Found a glowing drain.
  7038 | Sewer    | Entered a sewer
  7420 | Sewer    | Received a gift from Trog
  7594 | D:6      | Reached skill level 5 in Short Blades
  7641 | D:6      | Gained mutation: Your system is resistant to poisons. (rPois) [potion of mutation]
  7641 | D:6      | Gained mutation: You can translocate small distances at will. [potion of mutation]
  7641 | D:6      | Gained mutation: You possess an exceptional clarity of mind. [potion of mutation]
  7653 | D:6      | Found a staircase to the Ecumenical Temple.
  7704 | D:6      | Reached XP level 9. HP: 55/69 MP: 9/9
  7777 | D:6      | Reached skill level 6 in Armour
  7922 | D:6      | Found an opulent altar of Gozag.
  7957 | D:6      | Got a ripped robe
  8078 | D:7      | Found a hazy altar of Hepliaklqana.
  9146 | D:8      | Found a shattered altar of Ashenzari.
  9360 | D:8      | Identified the +2 robe of the Tuna {rElec} (You found it on level 6 of the Dungeon)
  9466 | D:8      | Noticed Anon1729's ghost (novice OpEE)
  9478 | D:8      | Killed Anon1729's ghost
  9478 | D:8      | Reached skill level 7 in Armour
  9486 | D:8      | Reached skill level 5 in Stealth
  9487 | D:8      | Reached skill level 5 in Dodging
  9709 | D:8      | Noticed a two-headed ogre
  9716 | D:8      | Killed a two-headed ogre
  9716 | D:8      | Reached skill level 8 in Armour
  9716 | D:8      | Gained mutation: You have sharp fingernails. [demonic ancestry]
  9716 | D:8      | Reached XP level 10. HP: 77/77 MP: 10/10
 10819 | D:9      | Reached ***** piety under Trog
 10996 | D:9      | Noticed a two-headed ogre
 11007 | D:9      | Killed a two-headed ogre
 11007 | D:9      | Reached skill level 9 in Armour
 11237 | D:9      | Found a staircase to the Lair.
 11703 | D:10     | Entered Level 10 of the Dungeon
 11970 | D:10     | Gained mutation: You have very sharp fingernails. [demonic ancestry]
 11970 | D:10     | Reached XP level 11. HP: 81/84 MP: 11/11
 12282 | D:10     | Reached skill level 10 in Armour
 12687 | D:11     | Received a gift from Trog
 12757 | D:11     | Found a frozen archway.
 12770 | IceCv    | Entered an ice cave
 12927 | IceCv    | Noticed a white ugly thing
 12941 | IceCv    | Killed a white ugly thing
 13268 | IceCv    | HP: 1/129 [ice statue] (8)]
 13269 | IceCv    | Engulfed by an ice statue's freezing vapour

Skill      XL: |  1  2  3  4  5  6  7  8  9 10 11 |
---------------+----------------------------------+-----
Dodging        | 2 3 4 5 6 |  6.1
Long Blades    | 3 |  3.1
Armour         | 2 3 4 5 8 9 10 | 10.3
Stealth        | 1 2 3 4 5 6 |  6.3
Short Blades   | 1 2 3 4 5 6 7 |  7.2
Fighting       | 4 5 6 7 |  7.8

Action                   |  1- 3 |  4- 6 |  7- 9 | 10-12 || total
-------------------------+-------+-------+-------+-------++-------
Melee: Falchion          |    52 |       |       |       ||    52
       Short sword       |   105 |   184 |    17 |       ||   306
       Kick              |       |    20 |   223 |   132 ||   375
       Dagger            |       |       |   473 |   244 ||   717
Invok: Berserk           |     5 |     7 |    11 |     9 ||    32
       Trog's Hand       |       |       |     1 |       ||     1
       Burn Spellbooks   |       |       |       |     1 ||     1
       Brothers in Arms  |       |       |       |     1 ||     1
  Use: Scroll            |       |     8 |     8 |     5 ||    21
       Potion            |       |       |     2 |       ||     2
 Stab: Sleeping          |     6 |     4 |       |       ||    10
       Distracted        |       |     1 |       |       ||     1
  Eat: Chunk             |     6 |    16 |    24 |    15 ||    61
       Royal jelly       |     1 |       |     1 |       ||     2
       Meat ration       |       |       |       |     3 ||     3
Armor: Animal skin       |    16 |    17 |       |       ||    33
       Ring mail         |       |    16 |       |       ||    16
       Chain mail        |       |    16 |   121 |    93 ||   230
       Plate armour      |       |       |   152 |       ||   152
Dodge: Dodged            |    83 |   123 |   175 |   125 ||   506
       Rpst.: Falchion   |    13 |       |       |       ||    13
